TOP OF THE 1ST |
Capital District Red Knights batting - Pitching for Seattle Aviators : RHP Eduardo Molina
|
Pitching: RHP Eduardo Molina
|
|
Batting: LHB Arturo Hernández
|
0-0: Ball 1-0: Ball 2-0: Ball 3-0: Called Strike 3-1: Base on Balls
|
Batting: RHB Shawn Hicks
|
0-0: Ball Arturo Hernández is caught stealing 2nd base 1-0: Ground out 6-3 (Groundball, 6M)
|
Batting: LHB Stan Lewis
|
0-0: Ball 1-0: Ball 2-0: Ball 3-0: Called Strike 3-1: Foul Ball, location: 2F 3-2: Base on Balls
|
Batting: RHB Tom Christensen
|
0-0: Ball 1-0: Ball 2-0: Ball 3-0: Base on Balls Stan Lewis to second
|
Batting: RHB Martin Young
|
0-0: Ball 1-0: Ball 2-0: Swinging Strike 2-1: Foul Ball, location: 2F 2-2: Foul Ball, location: 2F 2-2: Foul Ball, location: 2F 2-2: Ball 3-2: Ground out 6-3 (Groundball, 6M)
|
Top of the 1st over - 0 run(s), 0 hit(s), 0 error(s), 2 left on base; Capital District 0 - Seattle 0 |
BOTTOM OF THE 1ST |
Seattle Aviators batting - Pitching for Capital District Red Knights : RHP Bob Compton
|
Pitching: RHP Bob Compton
|
|
Batting: RHB Vernon Caw
|
0-0: Ball 1-0: Ground out 6-3 (Groundball, 6M)
|
Batting: RHB Brian Williams
|
0-0: Ball 1-0: Called Strike 1-1: Foul Ball, location: 2F 1-2: Foul Ball, location: 2F 1-2: Ball 2-2: Fly out, F8 (Line Drive, 8LD)
|
Batting: RHB Sean Davis
|
0-0: Ball 1-0: Called Strike 1-1: Foul Ball, location: 2F 1-2: Ball 2-2: Ground out 6-3 (Groundball, 6M)
|
Bottom of the 1st over - 0 run(s), 0 hit(s), 0 error(s), 0 left on base; Capital District 0 - Seattle 0 |
TOP OF THE 2ND |
Capital District Red Knights batting - Pitching for Seattle Aviators : RHP Eduardo Molina
|
Batting: RHB Louis Henderson
|
0-0: Ball 1-0: Ball 2-0: Fly out, F9 (Flyball, 9LD)
|
Batting: RHB Jason Weston
|
0-0: Foul Ball, location: 2F 0-1: Swinging Strike 0-2: SINGLE (Groundball, 56D)
|
Batting: RHB Manny Carbajal
|
0-0: Grounds into double play, 5-4-3 (Groundball, 56)
|
Top of the 2nd over - 0 run(s), 1 hit(s), 0 error(s), 0 left on base; Capital District 0 - Seattle 0 |
BOTTOM OF THE 2ND |
Seattle Aviators batting - Pitching for Capital District Red Knights : RHP Bob Compton
|
Batting: LHB Jorge Mojica
|
0-0: Ball 1-0: Swinging Strike 1-1: Ball 2-1: Ground out 1-3 (Groundball, 15)
|
Batting: RHB Tanyu Kimura
|
0-0: Ball 1-0: Ball 2-0: Ball 3-0: Base on Balls
|
Batting: RHB Kenzaburo Hori
|
0-0: Foul Ball, location: 2F 0-1: Ball 1-1: Ball 2-1: Fly out, F7 (Flyball, 78M)
|
Batting: LHB Ramón García
|
0-0: Called Strike 0-1: Ball 1-1: Ground out 4-3 (Groundball, 34)
|
Bottom of the 2nd over - 0 run(s), 0 hit(s), 0 error(s), 1 left on base; Capital District 0 - Seattle 0 |
TOP OF THE 3RD |
Capital District Red Knights batting - Pitching for Seattle Aviators : RHP Eduardo Molina
|
Batting: LHB Arturo Acosta
|
0-0: Called Strike 0-1: Ball 1-1: Ground out 4-3 (Groundball, 34)
|
Batting: LHB Arturo Hernández
|
0-0: Ball 1-0: Foul Ball, location: 2F 1-1: Foul Ball, location: 2F 1-2: Ball 2-2: Foul Ball, location: 2F 2-2: TRIPLE (Flyball, 78D)
|
Batting: RHB Shawn Hicks
|
0-0: Called Strike 0-1: Ground out 6-3 (Groundball, 6) Arturo Hernández scores
|
Batting: LHB Stan Lewis
|
0-0: Ball 1-0: Swinging Strike 1-1: Ball 2-1: Swinging Strike 2-2: Ground out U3 (Groundball, 3S)
|
Top of the 3rd over - 1 run(s), 1 hit(s), 0 error(s), 0 left on base; Capital District 1 - Seattle 0 |
BOTTOM OF THE 3RD |
Seattle Aviators batting - Pitching for Capital District Red Knights : RHP Bob Compton
|
Batting: LHB Kenny Webster
|
0-0: Called Strike 0-1: Ball 1-1: Foul Ball, location: 2F 1-2: Ball 2-2: Ball 3-2: Fly out, F6 (Popup, 6MD)
|
Batting: RHB Clarence Fox
|
0-0: Ball 1-0: Ground out 4-3 (Groundball, 4)
|
Batting: RHB Vernon Caw
|
0-0: Swinging Strike 0-1: Called Strike 0-2: Ball 1-2: Foul Ball, location: 2F 1-2: Ball 2-2: SINGLE (Groundball, 56D)
|
Batting: RHB Brian Williams
|
0-0: Ball 1-0: Ball 2-0: Ball 3-0: Base on Balls Vernon Caw to second
|
Batting: RHB Sean Davis
|
0-0: Called Strike 0-1: Ball 1-1: Ball 2-1: Called Strike 2-2: Ball 3-2: Foul Ball, location: 2F 3-2: Foul Ball, location: 2F 3-2: Base on Balls Vernon Caw to third Brian Williams to second
|
Batting: LHB Jorge Mojica
|
0-0: Called Strike 0-1: Foul Ball, location: 2F 0-2: Ball 1-2: Foul Ball, location: 2F 1-2: Fly out, F8 (Flyball, 78M)
|
Bottom of the 3rd over - 0 run(s), 1 hit(s), 0 error(s), 3 left on base; Capital District 1 - Seattle 0 |
TOP OF THE 4TH |
Capital District Red Knights batting - Pitching for Seattle Aviators : RHP Eduardo Molina
|
Batting: RHB Tom Christensen
|
0-0: Foul Ball, location: 2F 0-1: Ball 1-1: Swinging Strike 1-2: Ball 2-2: Ball 3-2: Base on Balls
|
Batting: RHB Martin Young
|
0-0: Foul Ball, location: 2F 0-1: Ball 1-1: Ball 2-1: Ball 3-1: Base on Balls Tom Christensen to second
|
Batting: RHB Louis Henderson
|
0-0: Ball 1-0: Ball 2-0: Called Strike 2-1: Ball 3-1: Grounds into double play, 6-4-3 (Groundball, 6) Tom Christensen to third
|
Batting: RHB Jason Weston
|
0-0: Ball 1-0: Called Strike 1-1: Ball Passed Ball! Tom Christensen scores 2-1: Ball 3-1: Foul Ball, location: 2F 3-2: Base on Balls
|
Batting: RHB Manny Carbajal
|
0-0: Ball 1-0: Swinging Strike 1-1: Ball 2-1: Fly out, F9 (Flyball, 9LSF)
|
Top of the 4th over - 1 run(s), 0 hit(s), 0 error(s), 1 left on base; Capital District 2 - Seattle 0 |
BOTTOM OF THE 4TH |
Seattle Aviators batting - Pitching for Capital District Red Knights : RHP Bob Compton
|
Batting: RHB Tanyu Kimura
|
0-0: Ground out 6-3 (Groundball, 56)
|
Batting: RHB Kenzaburo Hori
|
0-0: Ball 1-0: Swinging Strike 1-1: Called Strike 1-2: Fly out, F7 (Line Drive, 78M)
|
Batting: LHB Ramón García
|
0-0: Called Strike 0-1: Foul Ball, location: 2F 0-2: Ball 1-2: Ball 2-2: Ball 3-2: Fly out, F9 (Flyball, 9S)
|
Bottom of the 4th over - 0 run(s), 0 hit(s), 0 error(s), 0 left on base; Capital District 2 - Seattle 0 |
TOP OF THE 5TH |
Capital District Red Knights batting - Pitching for Seattle Aviators : RHP Eduardo Molina
|
Batting: LHB Arturo Acosta
|
0-0: Called Strike 0-1: Ball 1-1: Called Strike 1-2: Strikes out swinging
|
Batting: LHB Arturo Hernández
|
0-0: Ball 1-0: Ball 2-0: Foul Ball, location: 2F 2-1: Ball 3-1: Base on Balls
|
Batting: RHB Shawn Hicks
|
0-0: Foul Ball, location: 2F 0-1: Fly out, F9 (Flyball, 9LS)
|
Batting: LHB Stan Lewis
|
0-0: Ball 1-0: Called Strike Arturo Hernández steals 2nd base 1-1: Foul Ball, location: 2F 1-2: Ground out 6-3 (Groundball, 6)
|
Top of the 5th over - 0 run(s), 0 hit(s), 0 error(s), 1 left on base; Capital District 2 - Seattle 0 |
BOTTOM OF THE 5TH |
Seattle Aviators batting - Pitching for Capital District Red Knights : RHP Bob Compton
|
Batting: LHB Kenny Webster
|
0-0: Ball 1-0: Ball 2-0: Called Strike 2-1: Ball 3-1: DOUBLE (Line Drive, 7LD)
|
Batting: RHB Clarence Fox
|
0-0: Foul Ball, location: 2F 0-1: Foul Ball, location: 2F 0-2: SINGLE (Line Drive, 34) Kenny Webster to third
|
Batting: RHB Vernon Caw
|
0-0: Ball 1-0: Foul Ball, location: 2F 1-1: Foul Ball, location: 2F 1-2: Ball 2-2: Foul Ball, location: 2F 2-2: Ball 3-2: Ground out 5-3 (Groundball, 56) Kenny Webster scores Clarence Fox to second
|
Batting: RHB Brian Williams
|
0-0: Ball 1-0: Ball Passed Ball! Clarence Fox to third 2-0: Called Strike 2-1: Ball 3-1: Base on Balls
|
Batting: RHB Sean Davis
|
0-0: Ball 1-0: Ball 2-0: Fly out, F9 (Flyball, 9LS)
|
Batting: LHB Jorge Mojica
|
0-0: Ball 1-0: Ball 2-0: Ball 3-0: Called Strike 3-1: Base on Balls Brian Williams to second
|
Batting: RHB Tanyu Kimura
|
0-0: Ball 1-0: SINGLE (Line Drive, 56D) Clarence Fox scores Brian Williams to third Jorge Mojica to second Runner from 3rd tries for Home, throw and OUT!
|
Bottom of the 5th over - 2 run(s), 3 hit(s), 0 error(s), 2 left on base; Capital District 2 - Seattle 2 |
TOP OF THE 6TH |
Capital District Red Knights batting - Pitching for Seattle Aviators : RHP Eduardo Molina
|
Batting: RHB Tom Christensen
|
0-0: Foul Ball, location: 2F 0-1: Swinging Strike 0-2: Ball 1-2: Ground out 1-3 (Groundball, 15)
|
Batting: RHB Martin Young
|
0-0: Ball 1-0: Ball 2-0: Ball 3-0: Base on Balls
|
Batting: RHB Louis Henderson
|
0-0: Called Strike 0-1: Ball 1-1: Foul Ball, location: 2F 1-2: Ball 2-2: Ball 3-2: Strikes out swinging
|
Batting: RHB Jason Weston
|
0-0: Ball 1-0: Foul Ball, location: 2F 1-1: Called Strike 1-2: Foul Ball, location: 2F 1-2: Ground out 4-3 (Groundball, 4M)
|
Top of the 6th over - 0 run(s), 0 hit(s), 0 error(s), 1 left on base; Capital District 2 - Seattle 2 |
BOTTOM OF THE 6TH |
Seattle Aviators batting - Pitching for Capital District Red Knights : RHP Bob Compton
|
Batting: RHB Kenzaburo Hori
|
0-0: Ball 1-0: Ball 2-0: Ground out 6-3 (Groundball, 6)
|
Batting: LHB Ramón García
|
0-0: DOUBLE (Line Drive, 3D)
|
Batting: LHB Kenny Webster
|
0-0: Ball 1-0: Ball 2-0: Ball 3-0: Base on Balls
|
Pitching: RHP Lou Lowry
|
|
Batting: RHB Clarence Fox
|
0-0: Ball 1-0: DOUBLE (Flyball, 8RXD) Ramón García scores Kenny Webster to third
|
Batting: RHB Vernon Caw
|
0-0: Called Strike 0-1: Ball 1-1: Ground out 6-3 (Groundball, 6M)
|
Batting: RHB Brian Williams
|
0-0: Ball 1-0: Ball 2-0: Ball 3-0: Base on Balls
|
Batting: RHB Sean Davis
|
0-0: Foul Ball, location: 2F 0-1: Foul Ball, location: 2F 0-2: Ground out 5-3 (Groundball, 56)
|
Bottom of the 6th over - 1 run(s), 2 hit(s), 0 error(s), 3 left on base; Capital District 2 - Seattle 3 |
TOP OF THE 7TH |
Capital District Red Knights batting - Pitching for Seattle Aviators : RHP Eduardo Molina
|
Batting: RHB Manny Carbajal
|
0-0: Ball 1-0: Called Strike 1-1: Foul Ball, location: 2F 1-2: Foul Ball, location: 2F 1-2: Ball 2-2: Reached on error, E5 (Groundball, 5L)
|
Pitching: RHP Ken Frost
|
|
Batting: LHB Arturo Acosta
|
0-0: Sac Bunt - play at first, batter OUT! 1-3 Manny Carbajal to second
|
Batting: LHB Arturo Hernández
|
0-0: Called Strike 0-1: Ball 1-1: Ball 2-1: Ball 3-1: Foul Ball, location: 2F 3-2: Foul Ball, location: 2F 3-2: Ground out 4-3 (Groundball, 34) Manny Carbajal to third
|
Pinch Hitting: SHB Joreão Canosa
|
0-0: Foul Ball, location: 2F 0-1: Ball 1-1: SINGLE (Groundball, 6M) Manny Carbajal scores
|
Batting: LHB Stan Lewis
|
0-0: Foul Ball, location: 2F 0-1: Swinging Strike 0-2: Strikes out looking
|
Top of the 7th over - 1 run(s), 1 hit(s), 1 error(s), 1 left on base; Capital District 3 - Seattle 3 |
BOTTOM OF THE 7TH |
Seattle Aviators batting - Pitching for Capital District Red Knights : RHP Lou Lowry
|
Now at SS: Joreão Canosa
|
|
Batting: LHB Jorge Mojica
|
0-0: Swinging Strike 0-1: Foul Ball, location: 2F 0-2: Strikes out swinging
|
Batting: RHB Tanyu Kimura
|
0-0: Ball 1-0: Called Strike 1-1: Ball 2-1: Ball 3-1: Swinging Strike 3-2: Foul Ball, location: 2F 3-2: Fly out, F3 (Popup, 3SF)
|
Batting: RHB Kenzaburo Hori
|
0-0: Ground out 6-3 (Groundball, 6S)
|
Bottom of the 7th over - 0 run(s), 0 hit(s), 0 error(s), 0 left on base; Capital District 3 - Seattle 3 |
TOP OF THE 8TH |
Capital District Red Knights batting - Pitching for Seattle Aviators : RHP Ken Frost
|
Pinch Hitting: RHB Barry Dempsey
|
0-0: Ball 1-0: Called Strike 1-1: Foul Ball, location: 2F 1-2: Strikes out looking
|
Pinch Hitting: LHB Leonardo López
|
0-0: Ground out 1-3 (Groundball, 13)
|
Batting: RHB Louis Henderson
|
0-0: Called Strike 0-1: DOUBLE (Line Drive, 8LXD)
|
Batting: RHB Jason Weston
|
0-0: Swinging Strike 0-1: Called Strike 0-2: Ball 1-2: Foul Ball, location: 2F 1-2: Foul Ball, location: 2F 1-2: Foul Ball, location: 2F 1-2: Foul Ball, location: 2F 1-2: Strikes out looking
|
Top of the 8th over - 0 run(s), 1 hit(s), 0 error(s), 1 left on base; Capital District 3 - Seattle 3 |
BOTTOM OF THE 8TH |
Seattle Aviators batting - Pitching for Capital District Red Knights : RHP Lou Lowry
|
Now in LF: Leonardo López
|
|
Batting: LHB Ramón García
|
0-0: Ball
|
Now at 2B: Mark Field
|
1-0: Ball 2-0: Fly out, F8 (Flyball, 8LS)
|
Batting: LHB Kenny Webster
|
0-0: Called Strike 0-1: Ball 1-1: Swinging Strike 1-2: Foul Ball, location: 2F 1-2: Fly out, F8 (Line Drive, 8LD)
|
Batting: RHB Clarence Fox
|
0-0: Called Strike 0-1: Ball 1-1: Ball 2-1: Foul Ball, location: 2F 2-2: Ball 3-2: Foul Ball, location: 2F 3-2: Foul Ball, location: 2F 3-2: Foul Ball, location: 2F 3-2: Ground out 4-3 (Groundball, 4)
|
Bottom of the 8th over - 0 run(s), 0 hit(s), 0 error(s), 0 left on base; Capital District 3 - Seattle 3 |
TOP OF THE 9TH |
Capital District Red Knights batting - Pitching for Seattle Aviators : RHP Ken Frost
|
Pitching: RHP Ken Hinkle
|
|
Batting: RHB Manny Carbajal
|
0-0: Ground out 5-3 (Groundball, 5S)
|
Batting: LHB Arturo Acosta
|
0-0: Ball 1-0: Foul Ball, location: 2F 1-1: Ground out U3 (Groundball, 3)
|
Batting: LHB Arturo Hernández
|
0-0: Foul Ball, location: 2F 0-1: Ball 1-1: Ball 2-1: Foul Ball, location: 2F 2-2: SINGLE (Flyball, 8RS)
|
Batting: SHB Joreão Canosa
|
0-0: Called Strike Arturo Hernández steals 2nd base 0-1: Ball 1-1: Swinging Strike 1-2: Foul Ball, location: 2F 1-2: Ball 2-2: Ball 3-2: Fly out, F4 (Popup, 4D)
|
Top of the 9th over - 0 run(s), 1 hit(s), 0 error(s), 1 left on base; Capital District 3 - Seattle 3 |
BOTTOM OF THE 9TH |
Seattle Aviators batting - Pitching for Capital District Red Knights : RHP Lou Lowry
|
Pitching: RHP Marlon Miller
|
|
Batting: RHB Vernon Caw
|
0-0: Called Strike 0-1: Ground out 6-3 (Groundball, 6)
|
Batting: RHB Brian Williams
|
0-0: Ball 1-0: Ball 2-0: Ball 3-0: Swinging Strike 3-1: Base on Balls
|
Batting: RHB Sean Davis
|
0-0: Ball 1-0: Foul Ball, location: 2F 1-1: Called Strike 1-2: Foul Ball, location: 2F 1-2: Ball 2-2: Strikes out swinging
|
Batting: LHB Jorge Mojica
|
0-0: Foul Ball, location: 2F 0-1: SINGLE (Line Drive, 9LS) Brian Williams to second
|
Batting: RHB Tanyu Kimura
|
0-0: Ball 1-0: Ball 2-0: Foul Ball, location: 2F 2-1: Ball 3-1: Base on Balls Brian Williams to third Jorge Mojica to second
|
Batting: RHB Kenzaburo Hori
|
0-0: Called Strike 0-1: Called Strike 0-2: Foul Ball, location: 2F 0-2: Ball 1-2: Ball 2-2: Foul Ball, location: 2F 2-2: Ball 3-2: Base on Balls Brian Williams scores Jorge Mojica to third Tanyu Kimura to second
|
|